 Dungeon Crawl Stone Soup version 0.23.0 (webtiles) character file.

Game seed: 9642057789275214504

190 Enish the Skirmisher (level 5, -8/47 HPs)
             Began as a Minotaur Berserker on Feb 15, 2019.
             Was a Priest of Trog.
             Mangled by Sigmund
             ... wielding a +0 scythe of freezing
              (15 damage)
             ... on level 4 of the Dungeon.
             The game lasted 00:01:38 (3026 turns).

Enish the Skirmisher (Minotaur Berserker)           Turns: 3026, Time: 00:01:38

Health: -8/47      AC:  2    Str: 23 (26) XL:     5   Next: 41%
Magic:  4/4        EV: 13    Int:  1 (4)  God:    Trog [***...]
Gold:   91         SH:  0    Dex:  8 (11) Spells: 4/4 levels left

rFire    . . .     SeeInvis .   a - +0 hand axe
rCold    . . .     Gourm    .   (no shield)
rNeg     . . .     Faith    .   b - +0 animal skin
rPois    .         Spirit   .   (helmet restricted)
rElec    .         Reflect  .   (no cloak)
rCorr    .         Harm     .   (no gloves)
MR       +....                  (no boots)
Stlth    +.........             (no amulet)
HPRegen  0.15/turn              s - +5 ring of strength
MPRegen  0.09/turn              m - ring of protection from magic

@: berserk cooldown, very slightly contaminated, slowed, invisible, very slow
A: retaliatory headbutt, horns 2
a: Berserk, Trog's Hand, Renounce Religion


You were on level 4 of the Dungeon.
You worshipped Trog.
Trog was most pleased with you.
You were not hungry.

You visited 1 branch of the dungeon, and saw 4 of its levels.

You collected 91 gold pieces.

Inventory:

Hand Weapons
 a - a +0 hand axe (weapon)
Armour
 b - a +0 animal skin (worn)
Jewellery
 m - a ring of protection from magic (right hand)
   (You found it on level 3 of the Dungeon)
 s - a +5 ring of strength (left hand)
   (You found it on level 3 of the Dungeon)
Scrolls
 c - a scroll of magic mapping {unknown}
 f - 4 scrolls of identify {unknown}
 h - a scroll of immolation {unknown}
 k - 2 scrolls of amnesia {unknown}
 l - 2 scrolls of remove curse {unknown}
 n - 2 scrolls of enchant weapon {unknown}
 o - 2 scrolls of teleportation {unknown}
Potions
 d - a potion of flight {unknown}
 g - 3 potions of curing {unknown}
 i - a potion of ambrosia {unknown}
 j - a potion of berserk rage {unknown}
 w - a potion of heal wounds
Comestibles
 e - 8 rations


   Skills:
 + Level 4.8 Fighting
 + Level 4.8 Axes
 + Level 4.0 Armour
 + Level 3.6 Dodging


You had 4 spell levels left.
You didn't know any spells.
Your spell library was empty.

Dungeon Overview and Level Annotations

Branches:
Dungeon (4/15)
 Temple: D:4-7

Altars:

Annotations:
D:4 Blork the orc, Sigmund


Innate Abilities, Weirdness & Mutations

You reflexively headbutt those who attack you in melee.
You have a pair of horns on your head.


Message History

Blork the orc seems to speed up.
The orc priest barely misses you.
You hear some strange, mumbled words.
A magic dart appears from out of thin air!
The magic dart hits you!
You hit the orc priest but do no damage.
You headbutt the orc priest!
The orc priest is almost dead.
You hit something but do no damage. The orc priest barely misses you.
You furiously retaliate!
You headbutt the orc priest.
You kill the orc priest!
Trog accepts your kill.
Your Armour skill increases to level 4!
Something hits you!
* * * LOW HITPOINT WARNING * * *
Something freezes you.
* * * LOW HITPOINT WARNING * * *
Blork the orc casts a spell at something.
You are too injured to fight recklessly!
You hit something. Something hits you!
You die...

#########
#....o..#
#.......#
.####$).....#
.......@{)[.#
.##.#.....<.#
#.......#
#...$...#
#########


You could see Blork the orc.

Vanquished Creatures
  A hound (D:3)
  An orc priest (D:4)
  A gnoll (D:1)
  2 adders
  2 worms (D:2)
  3 dart slugs
  4 leopard geckos
  5 orcs
  A giant cockroach (D:3)
  14 goblins
  8 hobgoblins
  6 jackals
  2 kobolds (D:1)
  4 quokkas
  3 ball pythons
  10 bats
  4 frilled lizards
  9 rats
80 creatures vanquished.

Notes
Turn   | Place    | Note
-------+----------+-------------------------------------------
     0 | D:1      | Enish the Minotaur Berserker began the quest for the Orb.
     0 | D:1      | Reached XP level 1. HP: 19/19 MP: 0/0
   124 | D:1      | Reached XP level 2. HP: 22/27 MP: 1/1
   551 | D:1      | Reached XP level 3. HP: 31/33 MP: 2/2
   878 | D:1      | Reached ** piety under Trog
  1232 | D:2      | Found a faded altar of an unknown god.
  1294 | D:2      | Reached XP level 4. HP: 29/40 MP: 3/3
  2152 | D:3      | Reached XP level 5. HP: 33/47 MP: 4/4
  2318 | D:3      | Reached *** piety under Trog
  2725 | D:4      | Noticed Blork the orc
  2725 | D:4      | Noticed Sigmund
  3026 | D:4      | Mangled by Sigmund

Skill      XL: |  1  2  3  4  5 |
---------------+----------------+-----
Fighting       | 4 |  4.8
Armour         | 3 4 |  4.0
Axes           | 4 |  4.8
Dodging        | 3 |  3.6

Action                   |  1- 3 |  4- 6 || total
-------------------------+-------+-------++-------
Melee: Hand axe          |    84 |    80 ||   164
       Headbutt          |    10 |    17 ||    27
Invok: Berserk           |       |     2 ||     2
  Use: Potion            |       |     4 ||     4
  Eat: Chunk             |     1 |     5 ||     6
       Ration            |       |     1 ||     1
Armor: Animal skin       |    17 |    12 ||    29
Dodge: Dodged            |    61 |    69 ||   130
